 Dungeon Crawl Stone Soup version 0.18.1-48-g4cf74bf (webtiles) character file.

25125 dearth the Basher (level 12, -11/107 HPs)
             Began as a Minotaur Fighter on Aug 4, 2016.
             Was a High Priest of Okawaru.
             Killed from afar by an electric eel (18 damage)
             ... with a bolt of electricity
             ... on level 13 of the Dungeon.
             The game lasted 00:46:17 (13599 turns).

dearth the Basher (Minotaur Fighter)               Turns: 13599, Time: 00:46:18

Health: -11/107    AC: 15    Str: 24    XL:     12   Next: 86%
Magic:  15/16      EV: 22    Int:  5    God:    Okawaru [*****.]
Gold:   717        SH: 20    Dex: 12    Spells: 0 memorised, 11 levels left

rFire  . . .     SeeInvis .     M - +1 morningstar (drain)
rCold  . . .     Gourm    .     N - +2 scale mail {rPois}
rNeg   . . .     Faith    .     c - +1 shield
rPois  +         Spirit   .     (helmet restricted)
rElec  .         Dismiss  .     u - +2 cloak {+Inv}
rCorr  .         Reflect  +     (no gloves)
SustAt .         Harm     .     (no boots)
MR     .....                    K - +5 amulet of reflection
Stlth  +.........               I - +4 ring of evasion
                                C - +1 ring of evasion

@: heroism, not resistant to hostile enchantments, very unstealthy
A: retaliatory headbutt, horns 2
a: Heroism, Finesse, Renounce Religion, Evoke Invisibility


You were on level 13 of the Dungeon.
You worshipped Okawaru.
Okawaru was extremely pleased with you.
You were not hungry.

You visited 1 branch of the dungeon, and saw 13 of its levels.
You also visited: Bailey.

You collected 1025 gold pieces.
You spent 308 gold pieces at shops.

Inventory:

Hand Weapons
 H - a +2 flail of holy wrath
 M - a +1 morningstar of draining (weapon)
Armour
 c - a +1 shield (worn)
 j - a +1 scale mail of fire resistance
 u - a +2 cloak of invisibility (worn)
 D - a +3 plate armour of positive energy
 N - a +2 scale mail of poison resistance (worn)
Jewellery
 y - an uncursed ring of ice {unknown}
 C - a +1 ring of evasion (left hand)
 I - a +4 ring of evasion (right hand)
 K - a +5 amulet of reflection (around neck)
 L - an uncursed ring of sustain attributes {unknown}
Wands
 g - a wand of flame (28/48)
 B - a wand of lightning (8/15)
 G - a wand of hasting (2/9)
Scrolls
 e - 4 scrolls of remove curse
 n - 4 scrolls of fear
 o - 3 scrolls of teleportation
 p - a scroll of fog
 q - 10 scrolls of identify
 s - 2 scrolls of enchant weapon
 v - 5 scrolls of enchant armour
 x - 5 scrolls of blinking
 A - a scroll of amnesia
 E - 2 scrolls of recharging {unknown}
 F - a scroll of acquirement {unknown}
Potions
 a - a potion of cure mutation {unknown}
 b - a potion of haste {unknown}
 d - 4 potions of might
 h - 3 potions of degeneration {unknown}
 i - 4 potions of agility {unknown}
 l - 2 potions of brilliance {unknown}
 r - 4 potions of flight {unknown}
 t - 4 potions of berserk rage {unknown}
 w - 2 potions of invisibility {unknown}
 z - a potion of magic {unknown}
 J - 2 potions of curing
Comestibles
 f - 10 bread rations
 k - 2 beef jerkies
 m - 3 meat rations


   Skills:
 + Level 10.3(15.3) Fighting
 * Level 13.0(18.0) Maces & Flails
 + Level 10.0(15.0) Armour
 + Level 8.7(13.7) Dodging
 + Level 10.4(15.4) Shields
 + Level 7.4 Invocations
 + Level 6.6 Evocations


You had 11 spell levels left.
You didn't know any spells.

Dungeon Overview and Level Annotations

Branches:
Dungeon (13/15)            Temple (0/1) D:4            Lair (0/8) D:8
    Orc (0/2) D:12
 Vaults: D:13-14

Altars:
Ashenzari
Elyvilon
Gozag
Makhleb
Nemelex Xobeh
Okawaru
Pakellas
Qazlal
Vehumet
Xom
The Shining One

Shops:
D:4 }   D:9 *(   D:13 *


Innate Abilities, Weirdness & Mutations

You reflexively headbutt those who attack you in melee.
You have a pair of horns on your head.


Message History

* * * LOW HITPOINT WARNING * * *
You block the water elemental's attack.
The electric eel shoots out a bolt of lightning at you!
The bolt of electricity hits the water elemental.
The water elemental resists.
The bolt of electricity hits you!
* * * LOW HITPOINT WARNING * * *
The bolt of electricity hits you!
* * * LOW HITPOINT WARNING * * *
Read which item? (? for menu, Esc to quit)
You cannot read scrolls while unable to breathe!
With effort, you pull free of the water engulfing you.
You gasp with relief as air once again reaches your lungs.
The electric eel shoots out a bolt of lightning at you!
The bolt of electricity hits the water elemental.
The water elemental resists.
The bolt of electricity hits you!
* * * LOW HITPOINT WARNING * * *
The electric eel shoots out a bolt of lightning at you!
The bolt of electricity hits the water elemental.
The water elemental resists.
The bolt of electricity hits you!
You die...

#........##..# #.#
#))##.≈..##..# #.#
#..##≈)≈.##..# #.#
#..##≈.≈.##..# #.#
...##≈≈♣.##..# #.#
...##.≈..#*,,* #.#
#..##.#...,,,* #.#
#..##......,,* #.#
#..####..###,* #@# #..#
*..# *,* #.#####
#..#***..#**,**#E....#
*...,,,≈***≈≈≈*♣.###.#
*,,**≈≈***≈≈*≈≈≈;≈≈≈,#
≈♣≈♣≈♣≈≈≈≈≈≈≈≈P♣≈♣♣≈≈**
≈♣≈≈≈P≈P≈≈P≈≈≈P;≈P≈≈≈≈***
≈≈P≈≈≈≈≈≈≈≈≈≈≈≈≈≈≈*≈≈≈*≈*
P≈≈≈≈≈≈≈≈≈≈≈≈≈≈≈≈≈≈≈≈≈≈**


You could see a water elemental (wandering) and 2 electric eels.

Vanquished Creatures
  An ettin (D:12)
  The ghost of p0werm0de the Martial Artist, a journeyman OpMo of Xom (Bailey)
  4 centaur warriors
  Erica (D:9)
  A tengu warrior (D:13)
  The ghost of Elystan the Jinx, a journeyman DEAM of Ashenzari (D:11)
  3 hill giants
  The ghost of Inkary the Spear-Bearer, a novice MfGl of Okawaru (D:7)
  A deep elf mage (D:12)
  4 ugly things
  A griffon (D:13)
  A manticore (D:11)
  3 cyclopes
  Maurice (D:8)
  Psyche (D:12)
  A tengu conjurer (D:12)
  2 trolls
  A hornet zombie (D:13)
  4 water elementals (D:13)
  Sigmund (D:5)
  A yak (D:13)
  A wyvern (D:7)
  A shadow (D:13)
  3 hungry ghosts
  2 hippogriffs
  A vampire mosquito (D:13)
  The ghost of p0werm0de the Insei, an amateur OpMo (D:3)
  A warg (D:12)
  2 ice beasts (D:9)
  4 sky beasts
  4 orc warriors
  4 phantoms
  5 black bears
  9 ogres
  A centaur (D:10)
  2 crocodiles
  A big kobold (D:11)
  9 giant frogs
  10 gnoll sergeants
  A wyvern zombie (D:8)
  A wyvern skeleton (D:13)
  11 scorpions
  A wight (D:13)
  3 electric eels
  A howler monkey (D:10)
  4 crimson imps
  2 centaur zombies
  4 jellies
  4 centaur skeletons
  10 hounds
  17 orc wizards
  Crazy Yiuf (D:4)
  6 gnoll shamans (Bailey)
  7 orc priests
  A giant frog skeleton (D:12)
  4 iguanas
  7 worker ants
  3 sheep (D:13)
  A howler monkey zombie (D:11)
  A worker ant zombie (D:6)
  29 gnolls
  11 adders
  4 shadow imps
  3 oozes
  2 adder skeletons (D:8)
  3 worms (D:2)
  4 dart slugs
  7 giant geckos
  46 orcs
  A ball python (D:5)
  8 giant cockroaches
  15 goblins
  4 hobgoblins
  4 jackals
  6 quokkas
  4 bats
  A giant gecko skeleton (D:4)
  3 giant newts
  12 kobolds
  A quokka skeleton (D:9)
  7 rats
361 creatures vanquished.

Vanquished Creatures (others)
  Nessos (D:13)
  An unseen horror (D:13)
  A deep elf archer (D:13)
  A shadow (D:13)
  A plant (D:13)
5 creatures vanquished.

Grand Total: 366 creatures vanquished

Notes
Turn   | Place    | Note
--------------------------------------------------------------
     0 | D:1      | dearth the Minotaur Fighter began the quest for the Orb.
     0 | D:1      | Reached XP level 1. HP: 19/19 MP: 0/0
   173 | D:1      | Reached XP level 2. HP: 27/27 MP: 1/1
   926 | D:2      | Reached XP level 3. HP: 33/33 MP: 2/2
  1139 | D:2      | Reached XP level 4. HP: 17/40 MP: 3/3
  1373 | D:2      | Reached skill level 3 in Maces & Flails
  1373 | D:2      | Reached skill level 1 in Dodging
  1478 | D:2      | Found an iron altar of Okawaru.
  1486 | D:2      | Became a worshipper of Warmaster Okawaru
  1837 | D:3      | Noticed p0werm0de's ghost (amateur OpMo)
  1846 | D:3      | Killed p0werm0de's ghost
  1846 | D:3      | Reached * piety under Okawaru
  1846 | D:3      | Reached skill level 4 in Maces & Flails
  1846 | D:3      | Reached skill level 5 in Shields
  1846 | D:3      | Reached XP level 5. HP: 39/47 MP: 4/4
  1925 | D:3      | Reached XP level 6. HP: 32/53 MP: 5/5
  2444 | D:4      | Found a stormy altar of Qazlal.
  2476 | D:4      | Reached skill level 5 in Fighting
  2667 | D:4      | Reached skill level 5 in Armour
  2672 | D:4      | Reached skill level 5 in Maces & Flails
  2678 | D:4      | Found an oddly glowing altar of Pakellas.
  2678 | D:4      | Found Pakellas's Prime Provisions.
  2689 | D:4      | Found a staircase to the Ecumenical Temple.
  2705 | D:4      | Reached XP level 7. HP: 5/61 MP: 6/6
  2705 | D:4      | HP: 2/61 [adder (3)]
  3084 | D:4      | Noticed Crazy Yiuf
  3092 | D:4      | Killed Crazy Yiuf
  3092 | D:4      | Reached ** piety under Okawaru
  3412 | D:5      | Entered Level 5 of the Dungeon
  3478 | D:5      | Reached skill level 6 in Maces & Flails
  3478 | D:5      | Reached skill level 1 in Invocations
  3478 | D:5      | Reached skill level 1 in Evocations
  3689 | D:5      | Found a glowing golden altar of the Shining One.
  3844 | D:5      | Reached XP level 8. HP: 70/70 MP: 6/8
  3857 | D:5      | Noticed Sigmund
  3886 | D:5      | Killed Sigmund
  4010 | D:5      | Reached *** piety under Okawaru
  4010 | D:5      | Reached skill level 7 in Maces & Flails
  4046 | D:5      | Got a brightly glowing war axe
  4051 | D:5      | Found a white marble altar of Elyvilon.
  4057 | D:5      | Identified the +4 war axe of Irchajen {chop, +Rage MP+9 Dex-5} (You found it on level 5 of the Dungeon)
  4589 | D:6      | Found a sparkling altar of Nemelex Xobeh.
  4589 | D:6      | Found an opulent altar of Gozag.
  4617 | D:6      | Reached XP level 9. HP: 73/78 MP: 10/10
  4949 | D:6      | Found a radiant altar of Vehumet.
  5229 | D:7      | Noticed Inkary's ghost (novice MfGl)
  5244 | D:7      | Killed Inkary's ghost
  5244 | D:7      | Reached **** piety under Okawaru
  5244 | D:7      | Reached skill level 8 in Maces & Flails
  5405 | D:7      | Reached skill level 5 in Dodging
  5644 | D:7      | Found a shattered altar of Ashenzari.
  5905 | D:8      | Noticed Maurice
  5923 | D:8      | Killed Maurice
  5923 | D:8      | Reached ***** piety under Okawaru
  5923 | D:8      | Reached skill level 9 in Maces & Flails
  6043 | D:8      | Reached XP level 10. HP: 87/88 MP: 12/12
  6680 | D:8      | Found a staircase to the Lair.
  7250 | D:9      | Noticed a centaur warrior
  7265 | D:9      | Killed a centaur warrior
  7265 | D:9      | Received a gift from Okawaru
  7299 | D:9      | Noticed Erica
  7333 | D:9      | Killed Erica
  7762 | D:9      | Reached skill level 10 in Maces & Flails
  7762 | D:9      | Reached skill level 5 in Invocations
  8036 | D:9      | Found Raxkaogg's General Store.
  8039 | D:9      | Bought a potion of curing for 33 gold pieces
  8039 | D:9      | Bought a +5 amulet of reflection for 275 gold pieces
  8132 | D:9      | Found Zuivia's Antique Weapon Emporium.
  8387 | D:10     | Entered Level 10 of the Dungeon
  8422 | D:10     | Noticed a hill giant
  8439 | D:10     | Killed a hill giant
  8439 | D:10     | Reached XP level 11. HP: 91/95 MP: 11/14
  9226 | D:11     | Noticed a cyan ugly thing
  9235 | D:11     | Noticed a white ugly thing
  9236 | D:11     | Killed a cyan ugly thing
  9249 | D:11     | Noticed Elystan's ghost (journeyman DEAM)
  9254 | D:11     | Killed a white ugly thing
  9260 | D:11     | Killed Elystan's ghost
  9761 | D:11     | Found a burning altar of Makhleb.
 10045 | D:11     | Reached skill level 11 in Maces & Flails
 10045 | D:11     | Reached skill level 5 in Evocations
 10494 | D:12     | Found a shimmering altar of Xom.
 10564 | D:12     | Found a staircase to the Orcish Mines.
 10746 | D:12     | Noticed Psyche
 10753 | D:12     | Killed Psyche
 10936 | D:12     | Noticed a hill giant
 10945 | D:12     | Killed a hill giant
 11032 | D:12     | Noticed an ettin
 11042 | D:12     | Killed an ettin
 11579 | D:12     | Noticed a deep elf mage
 11597 | D:12     | Killed a deep elf mage
 11598 | D:12     | Received a gift from Okawaru
 11697 | D:12     | Noticed a white ugly thing
 11699 | D:12     | Noticed a white ugly thing
 11717 | D:12     | Killed a purple ugly thing
 11721 | D:12     | Killed a purple ugly thing
 11721 | D:12     | Reached XP level 12. HP: 84/105 MP: 8/15
 11867 | D:13     | Noticed a centaur warrior
 12145 | D:13     | Found a flagged portal.
 12159 | Bailey   | Entered a bailey
 12166 | Bailey   | Reached skill level 12 in Maces & Flails
 12270 | Bailey   | Noticed p0werm0de's ghost (journeyman OpMo)
 12286 | Bailey   | Killed p0werm0de's ghost
 12696 | D:13     | Reached skill level 10 in Shields
 12785 | D:13     | Found Solotuemn's General Store.
 13058 | D:13     | Noticed Nessos
 13077 | D:13     | Killed Nessos
 13078 | D:13     | Noticed a centaur warrior
 13081 | D:13     | Reached skill level 10 in Fighting
 13096 | D:13     | Noticed a tengu warrior
 13099 | D:13     | Killed a centaur warrior
 13103 | D:13     | Killed a tengu warrior
 13168 | D:13     | Killed a centaur warrior
 13168 | D:13     | Reached skill level 10 in Armour
 13477 | D:13     | Noticed a centaur warrior
 13512 | D:13     | Killed a centaur warrior
 13512 | D:13     | Reached skill level 13 in Maces & Flails
 13599 | D:13     | Killed from afar by an electric eel

Skill      XL: |  1  2  3  4  5  6  7  8  9 10 11 12 |
---------------+-------------------------------------+-----
Shields        | 4 5 6 7 8 9 10 | 10.4
Armour         | 4 5 6 7 8 9 10 | 10.0
Fighting       | 4 5 6 7 8 9 10 | 10.3
Maces & Flails | 4 5 6 7 9 10 11 13 | 13.0
Dodging        | 2 3 4 5 6 7 8 |  8.7
Invocations    | 1 2 4 5 6 7 |  7.4
Evocations     | 1 2 3 4 5 6 |  6.6

Action                   |  1- 3 |  4- 6 |  7- 9 | 10-12 || total
-------------------------+-------+-------+-------+-------++-------
Melee: Flail             |    80 |   126 |   307 |   753 ||  1266
       Headbutt          |    11 |    19 |    65 |   170 ||   265
       Morningstar       |       |       |       |    73 ||    73
Invok: Heroism           |       |       |     5 |    19 ||    24
       Finesse           |       |       |       |     8 ||     8
  Use: Scroll            |       |     1 |     9 |     4 ||    14
       Potion            |       |     1 |       |       ||     1
 Stab: Invisible         |       |       |       |     1 ||     1
       Distracted        |       |       |       |     1 ||     1
  Eat: Chunk             |     1 |     3 |     9 |     9 ||    22
       Pizza             |       |     1 |     1 |     1 ||     3
       Meat ration       |       |       |     1 |     4 ||     5
       Royal jelly       |       |       |       |     1 ||     1
       Bread ration      |       |       |       |     1 ||     1
Armor: Scale mail        |    43 |    60 |    96 |   144 ||   343
Dodge: Dodged            |    24 |    38 |   106 |   293 ||   461
Block: Shield            |    46 |    58 |   151 |   655 ||   910
       Reflection        |       |       |       |    35 ||    35
